 Dungeon Crawl Stone Soup version 0.27-a0-1595-g0b823d0a13 (webtiles) character file.

Game seed: 7301787880407606889

770 lunkers the Covert (level 7, 0/51 HPs)
             Began as a Vampire Delver on July 20, 2021.
             Was a Follower of Okawaru.
             Slain by a gnoll (2 damage)
             ... on level 6 of the Dungeon.
             The game lasted 00:13:22 (5456 turns).

lunkers the Covert (Vampire Delver)                 Turns: 5456, Time: 00:13:23

Health: 0/51       AC:  4    Str: 11    XL:     7   Next: 52%
Magic:  7/7        EV: 12    Int: 12    God:    Okawaru [*.....]
Gold:   299        SH:  5    Dex: 18    Spells: 6/6 levels left

rFire    . . .     SeeInvis +   a - +0 rapier
rCold    . . .     Faith    .   m - +0 buckler
rNeg     . . .     Spirit   .   b - +0 leather armour
rPois    .         Reflect  .   (no helmet)
rElec    .         Harm     .   u - +0 cloak
rCorr    .         Rampage  .   (no gloves)
Will     .....                  (no boots)
Stlth    ++........             (no amulet)
HPRegen  0.37/turn              o - ring of wizardry
MPRegen  0.10/turn              (no ring)

@: lit by a corona, healing quickly, glowing
A: alive, fangs 3, see invisible, vampiric 2
a: Exsanguinate, Renounce Religion, Heroism


You were on level 6 of the Dungeon.
You worshipped Okawaru.
Okawaru was aware of your devotion.
You visited 2 branches of the dungeon, and saw 7 of its levels.

You collected 299 gold pieces.

Inventory:

Hand Weapons
 a - a +0 rapier (weapon)
 p - a +0 short sword
Missiles
 x - 2 throwing nets
Armour
 b - a +0 leather armour (worn)
 m - a +0 buckler (worn)
 u - a +0 cloak (worn)
Jewellery
 o - a ring of wizardry (left hand)
 s - a ring of ice
 v - a +6 ring of strength
Wands
 e - a wand of flame (9)
 g - a wand of digging (3)
Scrolls
 c - 2 scrolls of fog
 d - a scroll of magic mapping
 f - 5 scrolls of identify {unknown}
 h - 2 scrolls of blinking {unknown}
 j - a scroll of fear
 k - 2 scrolls of noise {unknown}
 l - 6 scrolls of torment {unknown}
 n - a scroll of holy word {unknown}
 r - 2 scrolls of teleportation {unknown}
Potions
 i - a potion of heal wounds {unknown}
 q - a potion of lignification {unknown}
 t - a potion of magic {unknown}
 w - a potion of curing


   Skills:
 - Level 2.6 Fighting
 * Level 7.1 Short Blades
 - Level 2.1 Dodging
 + Level 9.9 Stealth
 + Level 2.8 Shields
 + Level 0.8 Invocations


You had 6 spell levels left.
You didn't know any spells.
Your spell library contained the following spells:

 Spells                   Type           Power      Damage    Failure   Level
 Animate Skeleton         Necr           0%         N/A       21%         1
 Apportation              Tloc           0%         N/A       21%         1
 Beastly Appendage        Tmut           0%         N/A       21%         1
 Corona                   Hex            0%         N/A       21%         1
 Magic Dart               Conj           0%         1d3       21%         1
 Pain                     Necr           0%         1d4       21%         1
 Summon Small Mammal      Summ           0%         N/A       21%         1
 Call Imp                 Summ           0%         N/A       30%         2
 Wereblood                Tmut           0%         N/A       30%         2
 Mephitic Cloud           Conj/Pois/Air  0%         N/A       50%         3
 Spider Form              Tmut/Pois      0%         N/A       50%         3
 Vampiric Draining        Necr           0%         2d6       50%         3


Dungeon Overview and Level Annotations

Branches:
Dungeon (6/15)             Temple (1/1) D:4

Altars:
Dithmenos
Elyvilon
Fedhas
Gozag
Hepliaklqana
Makhleb
Okawaru
Qazlal
Ru
Sif Muna
Trog
Uskayaw
Wu Jian
Xom
Yredelemnul
Zin
The Shining One

Shops:
D:6 (


Innate Abilities, Weirdness & Mutations

Your natural rate of healing is accelerated.
You have razor-sharp teeth.
You have supernaturally acute eyesight. (SInv)
You are afflicted with vampirism and can become a bat while bloodless.


Message History

* * * LOW HITPOINT WARNING * * *
You block the gnoll's attack. The gnoll hits you with a +0 whip.
* * * LOW HITPOINT WARNING * * *
It was a potion of curing.
You feel better. You block the gnoll's attack.
The gnoll hits you from afar with a +0 spear.
* * * LOW HITPOINT WARNING * * *
Aiming: Throw Flame
Press: ? - help, Shift-Dir - straight line, f/p - gnoll
Aim: a gnoll, wielding a +0 whip (severely wounded, fast, 72% to hit)
The puff of flame hits the gnoll.
You kill the gnoll!
Okawaru accepts your kill.
The gnoll hits you from afar with a +0 spear.
* * * LOW HITPOINT WARNING * * *
Aiming: Throw Flame
Press: ? - help, Shift-Dir - straight line, f - gnoll
Aim: a gnoll, wielding a +0 spear (72% to hit)
The puff of flame hits the gnoll!
The gnoll is severely wounded.
You block the gnoll's attack.
Aiming: Throw Flame
Press: ? - help, Shift-Dir - straight line, f/p - gnoll
Aim: a gnoll, wielding a +0 spear (heavily wounded, 72% to hit)
The puff of flame hits the gnoll.
The gnoll is severely wounded.
The gnoll hits you from afar with a +0 spear.
* * * LOW HITPOINT WARNING * * *
Aiming: Throw Flame
Press: ? - help, Shift-Dir - straight line, f/p - gnoll
Aim: a gnoll, wielding a +0 spear (severely wounded, 72% to hit)
The puff of flame misses the gnoll.
The gnoll hits you from afar with a +0 spear.
* * * LOW HITPOINT WARNING * * *
Aiming: Throw Flame
Press: ? - help, Shift-Dir - straight line, f/p - gnoll
Aim: a gnoll, wielding a +0 spear (severely wounded, 72% to hit)
The puff of flame hits the gnoll.
The gnoll is almost dead.
The gnoll hits you from afar with a +0 spear.
You die...

.#... .... #... +...
#... ########
####... #......#
.......######.#..#.#
.......'g)@...#..#.#
.......######.#..#.#
....... ##..#..#.#
....... #......#.#
....... #...#.##.#
....... #......#.#
....... ###.#####.#
##..... #.........#
#.#.#######


You could see a gnoll.

Vanquished Creatures
  An ogre (D:4)
  A centaur (D:4)
  A bullfrog (D:5)
  A scorpion (D:4)
  2 electric eels (D:6)
  2 howler monkeys (D:5)
  A hound (D:5)
  A gnoll shaman (D:6)
  An iguana (D:5)
  2 hound skeletons (D:4)
  7 adders
  6 gnolls (D:6)
  2 ufetubi (D:5)
  2 adder skeletons
  2 worms
  5 dart slugs
  3 orcs
  5 bats
  9 endoplasms
  A giant cockroach (D:1)
  11 goblins
  10 hobgoblins
  6 kobolds
  A quokka (D:2)
  3 ball pythons (D:1)
  4 frilled lizards
  4 rats
94 creatures vanquished.

Notes
Turn   | Place    | Note
-------+----------+-------------------------------------------
     0 | D:5      | lunkers the Vampire Delver began the quest for the Orb.
     0 | D:5      | Reached XP level 1. HP: 17/17 MP: 1/1
    43 | D:5      | Noticed a howler monkey
    54 | D:5      | Killed a howler monkey
    55 | D:5      | Reached XP level 2. HP: 9/23 MP: 2/2
    55 | D:5      | Gained mutation: You are afflicted with vampirism and can
                  | become a bat while bloodless. [Vampire growth]
    55 | D:5      | Reached XP level 3. HP: 11/28 MP: 3/3
   115 | D:4      | Found a staircase to the Ecumenical Temple.
   118 | D:4      | Noticed an ogre
   202 | Temple   | Entered the Ecumenical Temple
   386 | Temple   | Became a worshipper of Warmaster Okawaru
   529 | D:4      | Reached skill level 8 in Stealth
   713 | D:3      | Noticed an angel
   733 | D:3      | Found a shimmering altar of Xom.
  1058 | D:1      | Reached XP level 4. HP: 30/34 MP: 4/4
  2112 | D:2      | Reached XP level 5. HP: 26/39 MP: 5/5
  2753 | D:3      | Reached skill level 5 in Short Blades
  3064 | D:3      | Found a faded altar of an unknown god.
  3185 | D:4      | Reached skill level 1 in Shields
  3416 | D:4      | Reached XP level 6. HP: 46/46 MP: 6/6
  3466 | D:4      | Reached skill level 9 in Stealth
  4127 | D:5      | Found a bloodstained altar of Trog.
  4181 | D:5      | Reached XP level 7. HP: 49/51 MP: 7/7
  4588 | D:5      | Found a stormy altar of Qazlal.
  5035 | D:5      | Reached * piety under Okawaru
  5221 | D:6      | Found Cajizin's Weapon Emporium.
  5450 | D:6      | HP: 2/51 [gnoll (6)]
  5455 | D:6      | HP: 2/51 [gnoll (4)]
  5456 | D:6      | Slain by a gnoll

Illustrated notes

Levels and vault maps discovered:
D:1:      dpeg_arrival_rooms_with_view, layout_basic, serial_rivers,
          chequers_serial_rivers_micro_a, chequers_serial_rivers_micro_a,
          chequers_serial_rivers_micro_e, chequers_serial_rivers_micro_c,
          minmay_vboxes
D:2:      layout_loops_ring
D:3:      minmay_spotlight, layout_basic,
          grunt_temple_overflow_order_and_chaos_1,
          shapermc_ecumenical_altar_hornbeckon
D:4:      layout_loops_ring, mainiacjoe_overflow_six_doors_small,
          minmay_temple_entry_statues_pillars
D:5:      layout_rooms, nicolae_qazlal_eye_of_the_storm,
          mainiacjoe_overflow_24_doors, serial_co_window_serial,
          co_window_cross_1, co_window_cross_1, co_window_paths_b,
          co_window_corner_a, co_window_corner_a, co_window_corner_b,
          co_window_paths_c, co_window_cross_3, co_window_broadway_c,
          co_window_paths_c, glass_columns_a
D:6:      layout_basic, st_stairs_3, nicolae_wooded_promenade,
          grunt_ministairs_13
Temple:   minmay_temple_bridge_abc

Skill      XL: |  1  2  3  4  5  6  7 |
---------------+----------------------+-----
Short Blades   | 3 4 5 6 7 |  7.1
Stealth        | 8 9 |  9.9
Shields        | 1 2 |  2.8
Fighting       | |  2.6
Dodging        | |  2.1
Invocations    | |  0.8

Action                   |  1- 3 |  4- 6 |  7- 9 || total
-------------------------+-------+-------+-------++-------
Melee: Short sword       |    67 |   134 |       ||   201
       Bite              |     9 |    21 |    10 ||    40
       Rapier            |       |    93 |    61 ||   154
Evoke: Wand              |       |       |     8 ||     8
  Use: Scroll            |     1 |       |     1 ||     2
       Potion            |     1 |       |     1 ||     2
 Stab: Sleeping          |     5 |    19 |       ||    24
       Distracted        |       |     1 |       ||     1
Armor: Leather armour    |    10 |    36 |     7 ||    53
Dodge: Dodged            |    30 |   121 |    29 ||   180
Block: Buckler           |       |    18 |    20 ||    38

Table legend: (Time is in decaauts)
 A = Elapsed time spent in this place.
 B = Non-inter-level travel time spent in this place.
 C = Inter-level travel time spent in this place.
 D = Time resting spent in this place.
 E = Time spent auto-exploring this place.
 F = Levels seen in this place.
 G = Mean time per level.
                   A        B        C        D        E       F      G
               +--------+--------+--------+--------+--------+-----+--------+
         Total |   5417 |   5149 |    268 |    375 |   3570 |   7 |  773.9 |
       Dungeon |   5212 |   4963 |    249 |    375 |   3397 |   6 |  868.7 |
        Temple |    205 |    186 |     19 |      0 |    173 |   1 |  205.0 |
               +--------+--------+--------+--------+--------+-----+--------+

Top non-repeatable levels by time:
     D:5: 1429 daAuts
     D:2: 945 daAuts
     D:4: 916 daAuts
     D:1: 914 daAuts
     D:3: 643 daAuts
     D:6: 363 daAuts
  Temple: 205 daAuts
